 Dungeon Crawl Stone Soup version 0.16.2-3-ga078185 (webtiles) character file.

80 gorblad the Sneak (level 4, -15/23 HPs)
             Began as a Vine Stalker Assassin on Sept 7, 2015.
             Killed by divine providence
             ... invoked by an orc priest
              (17 damage)
             ... on level 3 of the Dungeon.
             The game lasted 00:06:42 (1933 turns).

gorblad the Sneak (Vine Stalker Assassin)           Turns: 1933, Time: 00:06:42

Health: -15/23     AC:  5    Str: 13    XL:     4   Next: 39%
Magic:  0/5        EV: 12    Int: 11    God:
Gold:   129        SH:  0    Dex: 17    Spells: 0 memorised, 3 levels left

rFire  x . .     SeeInvis .     a - +2 dagger
rCold  + . .     Clarity  .     t - +0 leather armour
rNeg   . . .     SustAb   .     (no shield)
rPois  .         Gourm    .     n - +0 helmet
rElec  .         Spirit   +     d - +0 cloak
rCorr  .         Warding  .     (no gloves)
rMut   .         Stasis   .     (no boots)
MR     .....                    (no amulet)
Stlth  +++.......               (no ring)
                                h - ring of ice

@: not resistant to hostile enchantments, fairly stealthy
A: fangs 2, regeneration 1, magic shield, antimagic bite, no device heal 3, rot
immunity
a: no special abilities


You were on level 3 of the Dungeon.
You were not hungry.

You visited 1 branch of the dungeon, and saw 3 of its levels.

You collected 129 gold pieces.

Inventory:

Hand weapons
 a - a +2 dagger (weapon)
 b - a +0 blowgun
Missiles
 e - 8 poisoned needles
 f - 2 curare-tipped needles
Armour
 c - a +0 robe
 d - a +0 cloak (worn)
 n - a +0 helmet (worn)
 t - a +0 leather armour (worn)
Jewellery
 h - a ring of ice (left hand)
Scrolls
 j - a scroll of recharging {unknown}
 l - a scroll of amnesia {unknown}
 p - a scroll of remove curse {unknown}
 s - a scroll of identify {unknown}
Potions
 i - a potion of might {unknown}
 m - a potion of resistance {unknown}
 o - a potion of haste {unknown}
 q - a potion of agility {unknown}
Comestibles
 g - 3 bread rations
 k - a meat ration
 r - 4 fruits


   Skills:
 + Level 2.0 Fighting
 + Level 2.0 Short Blades
 + Level 1.9 Throwing
 + Level 1.5 Dodging
 + Level 6.4 Stealth


You had 3 spell levels left.
You didn't know any spells.

Dungeon Overview and Level Annotations

Branches:
Dungeon (3/15)

Altars:


Innate Abilities, Weirdness & Mutations

You have extremely sharp teeth.
Your natural rate of healing is unusually fast.
When hurt, damage is shared between your health and your magic reserves.
Your bite disrupts and absorbs the magic of your enemies.
Potions and wands cannot restore your health.
You are immune to rotting.


Message History

The orc closely misses you.
The orc throws a tomahawk.
The tomahawk closely misses you.
The orc throws a tomahawk.
The tomahawk barely misses you.
You see here a tomahawk.
The orc wizard hits you but does no damage.
The orc priest mumbles some strange prayers to Beogh against you.
Something smites you!
* * * LOW HITPOINT WARNING * * *
You see here a dagger.
The orc priest mumbles some strange prayers to Beogh.
You feel a wave of unholy energy pass over you.
The orc priest mumbles some strange prayers to Beogh against you.
You struggle to resist.
The orc priest calls down the wrath of Beogh upon you.
Something smites you!
* * * LOW HITPOINT WARNING * * *
The orc priest mumbles some strange prayers to Beogh against you.
Something smites you!
Ouch! That really hurt!
You die...

. #.#.#.#........ #.
#.#.#.##....... #.
###.#.#..†.......
#.##................
#..#................
###.#.........#####..
+...'.............>..
###.#.........####...
#.@.........# .
##.######'### #o.# #.#
##.## #.# ##########o(#
#.# .........(.oo## #.#
.........o.o..# #.#
....%..........##.#
........o.....+.........#


You could see 2 orc priests, an orc wizard and 2 orcs.

Vanquished Creatures
  2 adders (D:2)
  3 worms
  2 giant geckos (D:1)
  2 oozes
  10 bats
  4 giant cockroaches
  4 goblins
  2 hobgoblins
  2 quokkas
  A ball python (D:2)
  A giant newt (D:1)
  2 jackals (D:1)
  5 kobolds
  3 rats
43 creatures vanquished.

Notes
Turn   | Place    | Note
--------------------------------------------------------------
     0 | D:1      | gorblad, the Vine Stalker Assassin, began the quest for the Orb.
     0 | D:1      | Reached XP level 1. HP: 11/11 MP: 1/1
    80 | D:1      | Reached skill level 5 in Stealth
   118 | D:1      | Reached XP level 2. HP: 13/15 MP: 3/3
  1043 | D:2      | Reached skill level 1 in Dodging
  1043 | D:2      | Reached XP level 3. HP: 1/18 MP: 0/4
  1244 | D:2      | Reached skill level 6 in Stealth
  1337 | D:2      | Reached XP level 4. HP: 23/23 MP: 5/5
  1931 | D:3      | HP: 1/23 [orc priest/divine providence (5)]
  1933 | D:3      | Killed from afar by an orc priest

Action                   |  1- 3 |  4- 6 || total
-------------------------+-------+-------++-------
Melee: Dagger            |    86 |    46 ||   132
 Stab: Sleeping          |    11 |     1 ||    12
  Eat: Bread ration      |     1 |       ||     1
